 Dungeon Crawl Stone Soup version 0.24-a0-194-g9bee6eb (webtiles) character file.

Game seed: 988893829720377410

20 Lanoc the Sneak (level 2, 0/13 HPs)
             Began as a Spriggan Enchanter on Mar 18, 2019.
             Slain by a jackal (3 damage)
             ... on level 1 of the Dungeon.
             The game lasted 00:04:56 (896 turns).

Lanoc the Sneak (Spriggan Enchanter)                 Turns: 896, Time: 00:04:56

Health: 0/13       AC:  3    Str:  4    XL:     2   Next: 58%
Magic:  5/6        EV: 18    Int: 16    God:
Gold:   66         SH:  0    Dex: 16    Spells: 3/6 levels left

rFire    . . .     SeeInvis +   a - +1 dagger
rCold    . . .     Gourm    .   (shield restricted)
rNeg     . . .     Faith    .   b - +0 robe
rPois    .         Spirit   .   (helmet restricted)
rElec    .         Reflect  .   e - +0 cloak
rCorr    .         Harm     .   (gloves unavailable)
MR       .....                  (boots unavailable)
Stlth    +++.......             (no amulet)
HPRegen  0.04/turn              (no ring)
MPRegen  0.10/turn              (no ring)

@: very quick
A: very small, unfitting armour, see invisible, herbivore, speed 3, slow
metabolism 2
a: no special abilities


You were on level 1 of the Dungeon.
You were not hungry.

You visited 1 branch of the dungeon, and saw 1 of its levels.

You collected 66 gold pieces.

Inventory:

Hand Weapons
 a - a +1 dagger (weapon)
Armour
 b - a +0 robe (worn)
 e - a +0 cloak (worn)
Scrolls
 c - a scroll of identify {unknown}
 f - a scroll of magic mapping {unknown}
 g - a scroll of teleportation {unknown}
 h - a scroll of remove curse {unknown}
Potions
 i - a potion of agility {unknown}
Comestibles
 d - 3 rations


   Skills:
 * Level 1.6 Short Blades
 + Level 3.2 Dodging
 * Level 4.8 Stealth
 + Level 2.8 Spellcasting
 * Level 4.0 Hexes


You had 3 spell levels left.
You knew the following spells:

 Your Spells              Type           Power        Failure   Level  Hunger
a - Corona                Hex            ###....      3%          1    #......
b - Ensorcelled Hibernat  Hex/Ice        #.....       12%         2    ##.....

Your spell library contained the following spells:

 Spells                   Type           Power        Failure   Level  Hunger
 Confuse                  Hex            ###.....     11%         3    ###....
 Tukima's Dance           Hex            ###.....     11%         3    ###....
 Dazzling Spray           Conj/Hex       #.....       24%         3    ###....


Dungeon Overview and Level Annotations

Branches:
Dungeon (1/15)

Altars:


Innate Abilities, Weirdness & Mutations

You are very small and have problems with some larger weapons.
You are too small for most types of armour.
You have supernaturally acute eyesight. (SInv)
You are a herbivore.
You cover ground extremely quickly.
You need to consume almost no food.


Message History

Aiming: Ensorcelled Hibernation (safe; 12% risk of failure)
Press: ? - help, Shift-Dir - straight line, f - jackal
Aim: a jackal (chance to defeat MR: 57%)
The jackal resists with significant effort.
The jackal bites you.
* * * LOW HITPOINT WARNING * * *
Things that are here:
a +0 club; a hobgoblin skeleton Welcome back, Lanoc the Spriggan Enchanter.
Press ? for a list of commands and other information.
You hit the jackal.
The jackal is moderately wounded.
The jackal closely misses you.
You barely miss the jackal.
The jackal is moderately wounded.
The jackal misses you.
You hit the jackal.
The jackal is heavily wounded.
The jackal bites you.
You die...

....##...........######.#
.....#.######.##.#
........# #.##.# ...w....#
#.##.# ).K..#..#
#.##.###### ...#K#..#
#.##..#...# ..##.#..#
#.###.#.#.###
.###h#..#####.###...#...#
.......K.)hK...h@.#####.#
.........###...h....#.รท.#
########## ########.#.###
#...##### #.......#
##.####.# #.# #.# .# #.#
#.##.# ##.# #.##.#


You could see 3 jackals and a kobold.

Vanquished Creatures
  A leopard gecko (D:1)
  A bat (D:1)
  A giant cockroach (D:1)
  2 goblins (D:1)
  A hobgoblin (D:1)
  4 jackals (D:1)
  A kobold (D:1)
  2 frilled lizards (D:1)
  4 rats (D:1)
17 creatures vanquished.

Notes
Turn   | Place    | Note
-------+----------+-------------------------------------------
     0 | D:1      | Lanoc the Spriggan Enchanter began the quest for the Orb.
     0 | D:1      | Reached XP level 1. HP: 9/9 MP: 5/5
   455 | D:1      | Reached XP level 2. HP: 13/13 MP: 6/6
   493 | D:1      | Learned a level 2 spell: Ensorcelled Hibernation
   896 | D:1      | Slain by a jackal

Levels and vault maps discovered:
D:1:      dpeg_cavernosity, layout_loops_ring

Skill      XL: |  1  2 |
---------------+-------+-----
Hexes          | 4 |  4.0
Short Blades   | |  1.6
Dodging        | |  3.2
Stealth        | |  4.8
Spellcasting   | |  2.8

Action                   || total
-------------------------++-------
Melee: Dagger            ||    92
 Cast: Ensorcelled Hiber ||     3
 Stab: Sleeping          ||     4
Armor: Robe              ||    11
Dodge: Dodged            ||    80

Table legend:
 A = Non-vault XP
 B = Vault XP
 C = Vault XP percentage of total XP
 D = Non-vault monster count
 E = Vault monster count
 F = Vault count percentage of total count
                 A         B        C        D         E       F
            +---------+---------+-------+---------+---------+-------
      Total |      29 |       0 |   0.0 |      17 |       0 |   0.0
            +---------+---------+-------+---------+---------+-------
        D:1 |      29 |       0 |   0.0 |      17 |       0 |   0.0
            +---------+---------+-------+---------+---------+-------
